 Dungeon Crawl Stone Soup version 0.27.1-33-g824d729ab1 (webtiles) character file.

Game seed: 12847699154223101182

50 zeram the Sneak (level 3, -3/24 HPs)
             Began as an Octopode Brigand on Dec 16, 2021.
             Succumbed to Crazy Yiuf's poison
             ... while paralysed by Crazy Yiuf
             ... on level 2 of the Dungeon.
             The game lasted 00:01:39 (1771 turns).

zeram the Sneak (Octopode Brigand)                  Turns: 1771, Time: 00:01:40

Health: -3/24      AC:  1    Str: 10    XL:     3   Next: 79%
Magic:  3/3        EV:  2    Int: 14    God:
Gold:   105        SH:  0    Dex: 13    Spells: 2/2 levels left

rFire    . . .     SeeInvis .   a - +2 dagger
rCold    . . .     Faith    .   (no shield)
rNeg     . . .     Spirit   .   (helmet restricted)
rPois    .         Reflect  .   (no amulet)
rElec    .         Harm     .   (no ring)
rCorr    .         Rampage  .   (no ring)
Will     .....                  (no ring)
Stlth    ++++......             (no ring)
HPRegen  0.08/turn              (no ring)
MPRegen  0.08/turn              (no ring)
                                (no ring)
                                (no ring)

@: paralysed, lethally poisoned (-3 -> -21)
A: almost no armour, amphibious, 8 rings, camouflage 1, gelatinous body 1,
(nimble swimmer 1), tentacles
a: no special abilities


You were on level 2 of the Dungeon.
You visited 1 branch of the dungeon, and saw 2 of its levels.

You collected 105 gold pieces.

Inventory:

Hand Weapons
 a - a +2 dagger (weapon)
 e - a +1 spear of venom
Missiles
 b - 8 poisoned darts (quivered)
 c - 2 curare-tipped darts
Jewellery
 l - a ring of willpower
Wands
 j - a wand of paralysis (11)
Scrolls
 d - a scroll of amnesia
 k - a scroll of teleportation {unknown}
Potions
 f - a potion of invisibility {unknown}
 g - a potion of magic
 h - a potion of heal wounds {unknown}
 i - 2 potions of curing {unknown}


   Skills:
 - Level 2.0 Fighting
 + Level 2.6 Short Blades
 - Level 2.0 Throwing
 + Level 1.2 Dodging
 + Level 6.8 Stealth


You had 2 spell levels left.
You didn't know any spells.
Your spell library contained the following spells:

 Spells                   Type           Power      Damage    Failure   Level
 Sting                    Tmut/Pois      0%         1d3       28%         1
 Poisonous Vapours        Pois/Air       0%         N/A       41%         2
 Olgreb's Toxic Radiance  Pois           0%         N/A       96%         4


Dungeon Overview and Level Annotations

Branches:
Dungeon (2/15)

Altars:

Annotations:
D:2 Crazy Yiuf


Innate Abilities, Weirdness & Mutations

You cannot wear most types of armour.
You are amphibious.
You can wear up to eight rings at the same time.
Your skin changes colour to match your surroundings (Stealth+).
Your rubbery body absorbs attacks. (AC +1, EV +1)
((You are camouflaged near water. (Stealth+)))
You have tentacles for arms and can constrict up to eight enemies at once.


Message History

A hobgoblin comes into view.
A hobgoblin is nearby!
A hobgoblin is nearby!
A hobgoblin is nearby!
Found a scroll labelled JUF NOPLEMPIKE.
The hobgoblin shouts!
You barely miss the hobgoblin. You grab the hobgoblin.
You constrict the hobgoblin. The hobgoblin hits you.
You hit the hobgoblin but do no damage. You squeeze the hobgoblin.
The hobgoblin is severely wounded.
You constrict the hobgoblin.
You kill the hobgoblin!
No target in view!
k - a scroll labelled JUF NOPLEMPIKE You see here a ball python skeleton.
Found 12 gold pieces.
You now have 105 gold pieces (gained 12).
You see here a frilled lizard skeleton.
Found a blackened golden ring.
l - a ring of willpower
Found a mace.
Found a runed translucent door.
Crazy Yiuf shouts!
Could not explore, unopened runed door.
Could not explore, unopened runed door.
Could not explore, unopened runed door.
No reachable target in view!
No reachable target in view!
You open the door.
Okay, then.
You hit Crazy Yiuf. You grab Crazy Yiuf.
Crazy Yiuf is lightly wounded.
You constrict Crazy Yiuf.
Crazy Yiuf hits you with a +4 quarterstaff of chaos!
You suddenly lose the ability to move!
You lose your grip on Crazy Yiuf.
Crazy Yiuf says, "Crazy?
Crazy!?
PORCUPINE!"
Crazy Yiuf hits you with a +4 quarterstaff of chaos!
Ouch! That really hurt!
* * * LOW HITPOINT WARNING * * *
You are lethally poisoned!
You die...

########## #.........
######## #####.....
##....#.### ### ###.....
##......#..##...#
#.....<.
#......####@g...#
###.#####. #.....##
###..)# #...# ###
#.##### ### #.### ##..
#.# #.#####..# #.#
###.....## #.#
#########.###### #.#
#..##..##..# #
#.############.##.####.#
#.................# #.#


You could see Crazy Yiuf.

Vanquished Creatures
  An adder (D:2)
  A dart slug (D:2)
  2 ball pythons (D:2)
  2 bats
  2 endoplasms
  2 giant cockroaches (D:1)
  5 goblins
  6 hobgoblins
  3 kobolds
  2 quokkas
  3 frilled lizards
  5 rats
34 creatures vanquished.

Notes
Turn   | Place    | Note
-------+----------+-------------------------------------------
     0 | D:1      | zeram the Octopode Brigand began the quest for the Orb.
     0 | D:1      | Reached XP level 1. HP: 14/14 MP: 1/1
   108 | D:1      | Reached XP level 2. HP: 13/19 MP: 2/2
   115 | D:1      | Reached skill level 6 in Stealth
   853 | D:1      | Reached XP level 3. HP: 24/24 MP: 3/3
  1389 | D:2      | Found a faded altar of an unknown god.
  1764 | D:2      | Found a runed translucent door.
  1765 | D:2      | Noticed Crazy Yiuf
  1769 | D:2      | Paralysed by Crazy Yiuf for 4 turns
  1770 | D:2      | HP: 1/24 [Crazy Yiuf (13)]
  1771 | D:2      | Succumbed to Crazy Yiuf's poison

Illustrated notes

Levels and vault maps discovered:
D:1:      lemuel_arrival_muddy, layout_basic
D:2:      layout_rooms, ebering_ecumenical_altar_sacrificial, st_stairs_6,
          uniq_crazy_yiuf_cottage

Skill      XL: |  1  2 |
---------------+-------+-----
Stealth        | 6 |  6.8
Fighting       | |  2.0
Short Blades   | |  2.6
Throwing       | |  2.0
Dodging        | |  1.2

Action                   || total
-------------------------++-------
Melee: Dagger            ||    72
       Constrict         ||    22
       Tentacles         ||     9
  Use: Scroll            ||     3
 Stab: Sleeping          ||    10
Armor: Skin              ||     5
Dodge: Dodged            ||    32
